[Event "*** Titled Tuesday Blitz"]
[Site "Chess.com"]
[Date "2020.11.24"]
[Round "5"]
[White "Smirnov_Pavel"]
[Black "Azerichess"]
[Result "1-0"]
[WhiteElo "2836"]
[BlackElo "2958"]
[TimeControl "180+1"]
[EndTime "11:11:30 PST"]
[Termination "Smirnov_Pavel won by resignation"]

1. d4 d5 2. c4 c5 3. cxd5 Qxd5 4. Nf3 cxd4 5. Nc3 Qa5 6. Nxd4 Nf6 7. g3 e5 8. Nb3 Qc7 9. Bg2 Bb4 10. O-O Bxc3 11.
bxc3 O-O 12. Bg5 Be6 13. Bxf6 gxf6 14. Qd2 Kg7 15. f4 Rd8 16. Qe3 Nd7 17. fxe5 Nxe5 18.
Nd4 Rac8 19. Rac1 Qe7 20. Qf4 b6 21. Rf2 Ng6 22. Qd2 Qc5 23. Rcf1 f5 24. Qg5 Qxc3 25.
Nxf5+ Bxf5 26. Qxf5 Rc7 27. Qg5 Qe5 28. Qxd8 1-0

[Event "*** Titled Tuesday Blitz"]
[Site "Chess.com"]
[Date "2020.11.24"]
[Round "5"]
[White "Gogolev_Artemy"]
[Black "JRenatoMaranhao"]
[Result "1-0"]
[WhiteElo "2464"]
[BlackElo "1901"]
[TimeControl "180+1"]
[EndTime "11:11:31 PST"]
[Termination "Gogolev_Artemy won by resignation"]

1. Nf3 Nf6 2. c4 Nc6 3. d4 d6 4. Nc3 e5 5. e4 Bg4 6. d5 Nd4 7. Be2 Nxe2 8. Qxe2 Be7 9. h3 Bd7 10. Be3 h6 11. g4 c6 12. Rg1 Qa5 13. Kf1 cxd5 14. exd5 O-O-O 15. a3 Kb8 16. b4 Qc7 17. Kg2 Nxg4 18. hxg4 Bxg4 19. Nb5 Qd7 20. Bxa7+ Ka8 21. Qc2 Qf5 22. Qxf5 Bxf5 23. Bb6 Rc8 24. Nd2 Bg5 25. Be3 Bd3 26. Nxd6 Rc7 27. Bxg5 hxg5 28. c5 Rh4 29. f3 g4 30. Rh1 gxf3+ 31. Kxf3 Rf4+ 32. Ke3 Bg6 33. Rh8+ 1-0

[Event "*** Titled Tuesday Blitz"]
[Site "Chess.com"]
[Date "2020.11.24"]
[Round "5"]
[White "Bacyanide"]
[Black "kakorrhaphiophobie"]
[Result "1-0"]
[WhiteElo "2427"]
[BlackElo "2323"]
[TimeControl "180+1"]
[EndTime "11:11:31 PST"]
[Termination "Bacyanide won by resignation"]

1. d4 f5 2. c4 Nf6 3. Nc3 d6 4.
Nf3 g6 5. Bg5 Nbd7 6. Qc2 c6 7. e4 Nxe4 8. Nxe4 fxe4 9. Qxe4 Qa5+ 10. Bd2 Nf6 11. Qxg6+ hxg6 12. Bxa5 Bg7 13. Bd3 Bf5 14.
Ke2 Ng4 15. Bxf5 gxf5 16. Bc3 Kd7 17. h3 Nf6 18. Nd2 Nh5 19. g3 Rhf8 20. Rag1 Rae8 21. g4 Nf4+ 22. Ke3 Ne6 23. d5 Bh6+ 24. Ke2 Nf4+ 25. Kd1 cxd5 26. g5 d4 27. Bxd4 e5 28. gxh6 exd4 29. Rg7+ Re7 30. Nf3 Ne6 31. Rxe7+ Kxe7 32. Rg1 Rh8 33. Kd2 Rxh6 34. h4 Kf6 35. Kd3 Rh8 36.
Rh1 Rh5 37. Nxd4 Nxd4 38. Kxd4 Ke6 39. f4 b6 40. b4 a6 41. a4 Kd7 42. Kd5 a5 43. b5 Kc7 44. Ke6 Rh6+ 45. Kxf5 d5 46. cxd5 Kd6 47. Ke4 Kc5 48. Ke5 Rh5+ 49. f5 Kb4 50. d6 Kxa4 51. d7 Rh8 52. Rc1 Rd8 53. Ke6 Kxb5 54. Rc8 Rxd7 55. Kxd7 a4 56. f6 1-0

[Event "*** Titled Tuesday Blitz"]
[Site "Chess.com"]
[Date "2020.11.24"]
[Round "5"]
[White "Grandmaster1369"]
[Black "CookiesAndIceCream"]
[Result "1-0"]
[WhiteElo "2197"]
[BlackElo "2419"]
[TimeControl "180+1"]
[EndTime "11:11:31 PST"]
[Termination "Grandmaster1369 won by checkmate"]

1. e4 e6 2. d4 d5 3. Nc3 Nf6 4. e5 Nfd7 5. f4 c5 6. Nf3 Be7 7. Be3 O-O 8. Qd2 b6 9. f5 Kh8 10. h4 Nc6 11. Bb5 Nxd4 12. Bxd4 cxd4 13. Qxd4 Nc5 14.
O-O-O a6 15. Bc6 Rb8 16. Ng5 Qc7 17. Bxd5 exd5 18. Nxd5 Qb7 19. f6 Bf5 20. fxe7 Rfe8 21. Nxf7+ Kg8 22. Nd6 Qd7 23. Qf4 Be6 24. Nf6+ gxf6 25.
exf6 Kh8 26. f7 Bxf7 27. Qf6+ Kg8 28. Qxf7+ Kh8 29. Qf6+ Kg8 30. Nf7 Qxe7 31. Nh6# 1-0

[Event "*** Titled Tuesday Blitz"]
[Site "Chess.com"]
[Date "2020.11.24"]
[Round "5"]
[White "Arkady_Gitelson"]
[Black "Chopper1905"]
[Result "0-1"]
[WhiteElo "2608"]
[BlackElo "2957"]
[TimeControl "180+1"]
[EndTime "11:11:32 PST"]
[Termination "Chopper1905 won by resignation"]

1. e4 Nc6 2. Nc3 Nf6 3. d4 d6 4. Nf3 Bg4 5. Be2 g6 6. O-O Bg7 7.
h3 Bxf3 8. Bxf3 O-O 9. Be3 Nd7 10.
Be2 Nb6 11. f4 e5 12. dxe5 dxe5 13. f5 Nd4 14. Bd3 Qh4 15. Qe1 Qxe1 16. Raxe1 Rfd8 17. a4 a5 18. b3 Bf8 19. Rd1 Bc5 20. Kh1 Kg7 21.
fxg6 hxg6 22. Bg5 Rd6 23. Nb5 Nxb5 24. Bxb5 Rxd1 25. Rxd1 f6 26. Bh4 c6 27. Bf1 Rh8 28. Be1 Bb4 29. c3 Be7 30. b4 Ra8 31. b5 Kf8 32.
Ra1 cxb5 33. Bxb5 Rc8 34. Rd1 Rc7 35. h4 Nc4 36. g4 Ne3 37. Rd7 Rxd7 38. Bxd7 Ba3 39. h5 Kg7 40. h6+ Kh7 41. Kh2 Bc1 42. g5 fxg5 43. Bg3 Nc4 44. Be6 Nd2 45. Bxe5 Nf3+ 0-1

[Event "*** Titled Tuesday Blitz"]
[Site "Chess.com"]
[Date "2020.11.24"]
[Round "5"]
[White "MatyChess1"]
[Black "Chessalary"]
[Result "1-0"]
[WhiteElo "2597"]
[BlackElo "2425"]
[TimeControl "180+1"]
[EndTime "11:11:32 PST"]
[Termination "MatyChess1 won by resignation"]

1. e4 c5 2. Nf3 d6 3. Nc3 a6 4. g3 Nf6 5. Bg2 g6 6. O-O Bg7 7. e5 dxe5 8. Nxe5 O-O 9. a4 Qc7 10.
Nc4 Be6 11. d3 Bxc4 12. dxc4 Rd8 13. Bf4 Qa5 14. Qe1 Rd7 15. Rd1 Rxd1 16. Nxd1 Qb6 17. Qxe7 Nc6 18. Qc7 Qxc7 19. Bxc7 Nd7 20. c3 Nde5 21.
Ne3 Re8 22. Rd1 Rc8 23. Bb6 Ne7 24. f4 N5c6 25. Rd7 Bf6 26. Bxc5 Kf8 27. Nd5 Ne5 28. fxe5 Rxc5 29. Rd8+ Kg7 30. exf6+ Kh6 31. fxe7 1-0

[Event "*** Titled Tuesday Blitz"]
[Site "Chess.com"]
[Date "2020.11.24"]
[Round "5"]
[White "DenisQ"]
[Black "smshk35"]
[Result "1-0"]
[WhiteElo "2676"]
[BlackElo "2481"]
[TimeControl "180+1"]
[EndTime "11:11:33 PST"]
[Termination "DenisQ won by resignation"]

1. Nf3 Nf6 2. c4 b6 3. g3 Bb7 4. Bg2 g6 5. O-O Bg7 6. Nc3 O-O 7. Qc2 c5 8. e4 Nc6 9. d3 Nd4 10. Nxd4 cxd4 11. Nd5 e6 12. Nxf6+ Bxf6 13. Bh6 Bg7 14. Bxg7 Kxg7 15. f4 d6 16. Qf2 e5 17. f5 f6 18.
h4 Rc8 19. a4 Rc7 20. Bh3 Rcf7 21. Kh2 g5 22. Bg4 h6 23. Bh5 Rc7 24. b4 Qd7 25. b5 Rfc8 26. a5 d5 27. axb6 axb6 28. exd5 Bxd5 29.
cxd5 Rc2 30. Be2 e4 31. Rad1 Rb2 32. dxe4 Rcc2 33. Rfe1 Qd6 34. hxg5 hxg5 35. Kg1 Qa3 36. Rxd4 Qa2 37. Kf1 Rxb5 38. d6 Rb1 39. d7 Rxe1+ 40.
Qxe1 Rxe2 41. Qxe2 Qa1+ 42. Qd1 Qxd4 43. Qxd4 1-0

[Event "*** Titled Tuesday Blitz"]
[Site "Chess.com"]
[Date "2020.11.24"]
[Round "5"]
[White "AsaHoffmann"]
[Black "PriSachu"]
[Result "0-1"]
[WhiteElo "2385"]
[BlackElo "2534"]
[TimeControl "180+1"]
[EndTime "11:11:33 PST"]
[Termination "PriSachu won by resignation"]

1. d4 Nf6 2. Bg5 Ne4 3. Bf4 c5 4. f3 Qa5+ 5. c3 Nf6 6. d5 Qb6 7.
e4 Qxb2 8. Nd2 Qxc3 9. Bc7 d6 10. Rb1 Nbd7 11. Rb3 Qe5 12. Ba5 Qh5 13. Be2 Qh6 14. Nh3 g5 15. Nf2 Ne5 16. Bc3 Nfd7 17. Bb5 Bg7 18.
Bxe5 Bxe5 19. Ng4 Qg7 20. Bxd7+ Bxd7 21. Nc4 Bxg4 22. fxg4 Bc3+ 23. Ke2 O-O 24. Qd3 Bd4 25. Rxb7 Rfb8 26. Rhb1 Rxb7 27. Rxb7 Qf6 28. Qf3 Kg7 29. Kd3 Qxf3+ 30. gxf3 Kf6 31. a4 a6 32. Na5 h5 33.
h3 hxg4 34. hxg4 Rh8 35. Nc6 Rh3 36. Nxd4 cxd4 37. Kxd4 Rxf3 38. Ra7 Rg3 39. Rxa6 Rxg4 40. Ra8 Rg1 41. a5 Ra1 42. a6 g4 43. a7 g3 44.
Rg8 Rxa7 45. Rxg3 Ra4+ 46. Ke3 Ra3+ 47. Kf4 Rxg3 48. Kxg3 Ke5 49. Kf3 f5 50. exf5 Kxf5 51. Ke3 Ke5 0-1

[Event "*** Titled Tuesday Blitz"]
[Site "Chess.com"]
[Date "2020.11.24"]
[Round "5"]
[White "politeplayer"]
[Black "Chuchofrio1"]
[Result "1/2-1/2"]
[WhiteElo "2244"]
[BlackElo "2393"]
[TimeControl "180+1"]
[EndTime "11:11:33 PST"]
[Termination "Game drawn by agreement"]

1. d4 d5 2. e4 dxe4 3. Nc3 Nf6 4. f3 exf3 5. Nxf3 g6 6. Bf4 c6 7. Qd2 h5 8. O-O-O Bf5 9. Bc4 e6 10. Rhe1 Be7 11. Kb1 Nbd7 12. h3 Nb6 13. Bb3 Nbd5 14. Be5 Nxc3+ 15. Qxc3 a5 16. d5 cxd5 17. Ba4+ Kf8 18.
Nd4 Bb4 19. Qg3 Bxe1 20. Rxe1 Rg8 21. Nxf5 exf5 22. Qc3 Ne4 23. Rxe4 1/2-1/2

[Event "*** Titled Tuesday Blitz"]
[Site "Chess.com"]
[Date "2020.11.24"]
[Round "5"]
[White "RaneshRatnesan"]
[Black "Andrii_Prydun"]
[Result "0-1"]
[WhiteElo "2125"]
[BlackElo "2348"]
[TimeControl "180+1"]
[EndTime "11:11:33 PST"]
[Termination "Andrii_Prydun won by resignation"]

1. d4 d5 2. c4 c6 3. Nf3 Nf6 4. Nc3 e6 5. e3 Nbd7 6. Qc2 Bd6 7. Bd3 O-O 8. cxd5 cxd5 9. a3 e5 10. dxe5 Nxe5 11. Nxe5 Bxe5 12. Ne2 Bg4 13. h3 Bh5 14. O-O Rc8 15. Qa4 Bb8 16. b4 Qd6 17. Ng3 Bg6 18.
Bxg6 hxg6 19. f4 Rfe8 20. Qb3 Qb6 21. Kh2 g5 22. Bd2 Rc4 23. Rac1 Qe6 24. Kh1 g4 25.
Kh2 g5 26. Rxc4 dxc4 27. Qc3 Nd5 28. Qxc4 Nxe3 29. Qxe6 Nxf1+ 30. Nxf1 Rxe6 31. Kg1 Bxf4 32. Kf2 Rd6 33. Bc3 Rd3 34. Bf6 Rxa3 35. hxg4 Rb3 36. Be7 b6 37. g3 Be5 38. Bxg5 a5 39. bxa5 bxa5 40. Nd2 a4 41. Nc4 a3 42. Nxa3 Rxa3 43. Bf4 Bxf4 44. gxf4 Kf8 45. Kg2 f5 46. gxf5 0-1

[Event "*** Titled Tuesday Blitz"]
[Site "Chess.com"]
[Date "2020.11.24"]
[Round "5"]
[White "theblitzchamp"]
[Black "Triumphmate"]
[Result "1-0"]
[WhiteElo "2608"]
[BlackElo "2428"]
[TimeControl "180+1"]
[EndTime "11:11:34 PST"]
[Termination "theblitzchamp won by checkmate"]

1. e4 d5 2. exd5 Nf6 3. c4 c6 4. dxc6 Nxc6 5. Nf3 e5 6. d3 Bg4 7. Be2 Be7 8. O-O O-O 9. Nc3 h6 10. b3 a6 11. Bb2 Qc7 12. Ne4 Nxe4 13. dxe4 Rad8 14.
Qc1 Bxf3 15. Bxf3 Nd4 16. Bg4 Bc5 17. Kh1 a5 18. Qc3 b6 19. Rad1 Rd6 20. Qg3 Qe7 21.
f4 exf4 22. Qxf4 Rf6 23. Bf5 Rd8 24. Bxd4 Rxd4 25. Qb8+ Qf8 26. Qc7 g6 27. Bg4 Rxd1 28. Rxd1 h5 29. Bf3 Bd6 30. Qd7 Be5 31. h3 Qc5 32. Qe8+ Kg7 33. Rd8 Rxf3 34. Qh8# 1-0

[Event "*** Titled Tuesday Blitz"]
[Site "Chess.com"]
[Date "2020.11.24"]
[Round "5"]
[White "THE_PLAYER6"]
[Black "Tpros"]
[Result "0-1"]
[WhiteElo "2421"]
[BlackElo "2594"]
[TimeControl "180+1"]
[EndTime "11:11:34 PST"]
[Termination "Tpros won by resignation"]

1. d4 Nf6 2. c4 g6 3. Nc3 Bg7 4. e4 d6 5. h3 O-O 6. Be3 Nbd7 7. Nf3 e5 8. d5 Nh5 9. Nd2 a5 10. Be2 Nf4 11. Bf3 Nd3+ 12. Kf1 c6 13. Qc2 N7c5 14.
Nb3 f5 15. Nxc5 Nxc5 16. Rd1 Nxe4 17. Bxe4 fxe4 18. dxc6 bxc6 19. Bc5 e3 20. Bxe3 Be6 21. b3 Qe7 22. Qe4 Rac8 23. h4 Bf5 24. Bg5 Qf7 25. Qe3 h6 26. Bxh6 Bxh6 27. Qxh6 Bd3+ 28. Kg1 Qxf2+ 29.
Kh2 Rf4 30. Rxd3 Rxh4+ 31. Qxh4 Qxh4+ 32. Rh3 Qf4+ 33. Rg3 Rc7 34. Ne2 Qd2 35. Ng1 Rh7+ 36. Nh3 Kg7 37. a4 d5 38. cxd5 cxd5 39. Rf1 e4 40. Rf5 Rxh3+ 0-1

[Event "*** Titled Tuesday Blitz"]
[Site "Chess.com"]
[Date "2020.11.24"]
[Round "5"]
[White "Chessdreamer2020"]
[Black "PowerThinking2650"]
[Result "1-0"]
[WhiteElo "2519"]
[BlackElo "2356"]
[TimeControl "180+1"]
[EndTime "11:11:35 PST"]
[Termination "Chessdreamer2020 won on time"]

1. e4 e5 2. Nf3 Nc6 3. Bb5 a6 4. Bxc6 dxc6 5. O-O f6 6. d4 exd4 7. Nxd4 c5 8. Ne2 Qxd1 9. Rxd1 Bd7 10. Be3 O-O-O 11.
Nbc3 Re8 12. Rd2 Bc6 13. Rad1 b6 14. a4 a5 15. f3 Ne7 16. Nf4 Ng6 17. Nfd5 Kb7 18.
Bf2 Bd6 19. Bg3 Ne5 20. Ne3 g6 21. b3 h5 22. Ncd5 Rhf8 23. c4 Rf7 24. Bh4 g5 25.
Bf2 h4 26. h3 Bd7 27. Kf1 Be6 28. Bg1 Nc6 29. Ng4 Bxg4 30. hxg4 Nd4 31. Bxd4 cxd4 32.
Rxd4 Be5 33. R4d2 Rh7 34. Ne3 h3 35. Kf2 hxg2 36. Rg1 Bf4 37. Rd3 Bxe3+ 38. Kxe3 Rh1 39. Kf2 Reh8 40. Rdd1 Kc6 41. Rd5 Rxg1 42. Kxg1 Rh1+ 43.
Kxg2 Rb1 44. Rf5 Rxb3 45. Rxf6+ Kc5 46. Rf5+ Kxc4 47. Rxg5 b5 48. axb5 a4 49. Rg7 a3 50.
Rxc7+ Kxb5 51. Ra7 1-0

[Event "*** Titled Tuesday Blitz"]
[Site "Chess.com"]
[Date "2020.11.24"]
[Round "5"]
[White "Gusarov91"]
[Black "ajdemipopushi"]
[Result "1-0"]
[WhiteElo "2669"]
[BlackElo "2446"]
[TimeControl "180+1"]
[EndTime "11:11:36 PST"]
[Termination "Gusarov91 won on time"]

1. d4 Nf6 2. Nf3 c5 3. d5 b5 4.
Bg5 Qb6 5. a4 b4 6. a5 Qd6 7. c4 g6 8. Nbd2 h6 9. Bh4 Qc7 10. e4 d6 11. Bxf6 exf6 12. Bd3 Bg7 13. O-O O-O 14. Qc2 Nd7 15. Rfe1 Ne5 16. Be2 f5 17. Nxe5 Bxe5 18. Bd3 fxe4 19. Bxe4 b3 20. Nxb3 Rb8 21. Re3 Bd7 22. Ra3 Kg7 23. Bd3 Rfe8 24. g3 Bf6 25. Rxe8 Rxe8 26. Ra1 Bh3 27. Nd2 Bd4 28.
Nf3 Bf6 29. Bf1 Bxf1 30. Kxf1 Rb8 31. Ra2 Rb4 32. b3 Qb8 33. Ra3 a6 34. Kg2 h5 35. h4 Qb7 36. Ne1 Qd7 37. Nd3 Rb8 38. Nf4 Be5 39. Nd3 Bd4 40. Qe2 Re8 41. Qf3 f5 42.
Nf4 Re4 43. Ne6+ Kg8 44. Ra2 Bf6 45. Re2 Rxe2 46. Qxe2 Bd8 47. Nf4 Kf7 48. Qb2 Bxa5 49. Qh8 1-0

[Event "*** Titled Tuesday Blitz"]
[Site "Chess.com"]
[Date "2020.11.24"]
[Round "5"]
[White "Susal_De_Silva"]
[Black "DrVelja"]
[Result "0-1"]
[WhiteElo "2528"]
[BlackElo "2771"]
[TimeControl "180+1"]
[EndTime "11:11:37 PST"]
[Termination "DrVelja won by resignation"]

1. e4 c5 2. Nf3 d6 3. Bb5+ Nd7 4. O-O a6 5. Bd3 Ngf6 6. Re1 e6 7. c3 Be7 8. a4 b6 9. Bc2 Bb7 10. d4 O-O 11. Nbd2 Qc7 12. Nf1 b5 13. Ng3 Rfe8 14.
Bf4 e5 15. Be3 Bf8 16. d5 c4 17. Qd2 Nc5 18. Bxc5 Qxc5 19. Nf5 Bc8 20. N3h4 Bxf5 21. Nxf5 g6 22. Nh6+ Bxh6 23. Qxh6 Qxf2+ 24. Kxf2 Ng4+ 25. Kg3 Nxh6 26. Rf1 Kg7 27. h4 Ng8 28. Kh3 h5 29.
Rf3 Nh6 30. Rff1 Reb8 31. a5 b4 32. Ra4 bxc3 33. bxc3 Rb2 34. Bd1 Rc8 35. Rb4 Rxb4 36. cxb4 Rb8 37. Ba4 Rxb4 38. Bc6 Ng4 39. Rf3 Rb1 40. Rc3 Rb3 41. Rf3 Rxf3+ 42. gxf3 c3 43. Ba4 Ne3 44. Kg3 c2 0-1

[Event "*** Titled Tuesday Blitz"]
[Site "Chess.com"]
[Date "2020.11.24"]
[Round "5"]
[White "CM_rui"]
[Black "AlexSuv"]
[Result "0-1"]
[WhiteElo "2373"]
[BlackElo "2524"]
[TimeControl "180+1"]
[EndTime "11:11:38 PST"]
[Termination "AlexSuv won by checkmate"]

1. e4 c5 2. Nf3 e6 3. c4 Nc6 4. d4 cxd4 5. Nxd4 Nf6 6. Nc3 Bb4 7. Nxc6 bxc6 8. Bd3 e5 9. O-O O-O 10. Be3 Qe7 11. Rc1 Bc5 12. h3 Bxe3 13. fxe3 d6 14. Ne2 Nd7 15. Ng3 Nc5 16. Bb1 g6 17. b4 Ne6 18. Nf5 gxf5 19. exf5 Qg5 20. fxe6 Bxe6 21. Rf3 Rad8 22. Qe1 Kh8 23. Rg3 Qh6 24. Qf2 Rg8 25.
Rf3 Rg7 26. Rf1 Rdg8 27. Qc2 Bxh3 28. R1f2 Bxg2 29. Rxf7 Be4+ 30. Rxg7 Rxg7+ 31. Kf1 Bxc2 32. Bxc2 Qh1+ 33. Ke2 Rg2 34. c5 Rxf2+ 35. Kxf2 Qh2+ 36. Kf3 Qxc2 37. cxd6 Qf5+ 38. Ke2 h5 39. e4 Qxe4+ 40. Kf2 h4 41. b5 cxb5 42. a4 bxa4 43. Kg1 a3 44.
Kh2 a2 45. d7 Qd5 46. Kh3 Qxd7+ 47. Kxh4 a1=Q 48. Kg5 Qad4 49. Kf6 e4+ 50. Kg6 Q7g7+ 51. Kh5 Qde5+ 52. Kh4 Qh2# 0-1

[Event "*** Titled Tuesday Blitz"]
[Site "Chess.com"]
[Date "2020.11.24"]
[Round "5"]
[White "GregShahade"]
[Black "louis198"]
[Result "0-1"]
[WhiteElo "2723"]
[BlackElo "2550"]
[TimeControl "180+1"]
[EndTime "11:11:39 PST"]
[Termination "louis198 won by checkmate"]

1. e4 e6 2. d4 d5 3. Nd2 Nc6 4. Ngf3 Nf6 5. e5 Nd7 6. Be2 f6 7. exf6 Qxf6 8. Nf1 Bd6 9. Ne3 O-O 10. O-O Ne7 11.
c4 c6 12. Bd3 Bf4 13. Ng4 Qf7 14. Ng5 Bxg5 15. Bxg5 Nf5 16. Qf3 Nxd4 17. Qh3 Nf5 18. Rae1 Nc5 19. Ne5 Qc7 20. Bb1 a5 21. g4 Nh6 22.
Bxh6 gxh6 23. Qxh6 Qg7 24. Qe3 Nd7 25. Nxd7 Bxd7 26.
b3 Rae8 27. h3 e5 28. Qg3 Rf4 29. cxd5 cxd5 30. Bd3 Bxg4 31. Qxf4 exf4 32. Rxe8+ Kf7 33. hxg4 Qxg4+ 34. Kh2 f3 35. Rg1 Qh4# 0-1

[Event "*** Titled Tuesday Blitz"]
[Site "Chess.com"]
[Date "2020.11.24"]
[Round "5"]
[White "Lysiak_Poltorak"]
[Black "FMOlexandrProhorov"]
[Result "0-1"]
[WhiteElo "2343"]
[BlackElo "2191"]
[TimeControl "180+1"]
[EndTime "11:11:40 PST"]
[Termination "FMOlexandrProhorov won by resignation"]

1. d4 g6 2. c4 Bg7 3. Nc3 c5 4. d5 Bxc3+ 5. bxc3 f5 6. h4 Qa5 7. Qc2 Nf6 8. e3 d6 9. Bd2 Nbd7 10. f4 Nb6 11.
Nf3 Bd7 12. Bd3 Qa4 13. Qb2 O-O-O 14. O-O Nxc4 15. Bxc4 Qxc4 16. Rab1 b6 17. a4 Qxd5 18. a5 b5 19. a6 Bc6 20. Rfc1 c4 21. Be1 e5 22. fxe5 dxe5 23. Bg3 Rhe8 24. Kh2 Ng4+ 25.
Kh3 Nxe3 26. Re1 f4 27. Bf2 e4 28. Nd4 Bd7+ 29. Kh2 Nxg2 30. Kxg2 e3+ 31. Nf3 Bc6 32. Qe2 exf2 33. Qxf2 Re3 34. Rxe3 fxe3 35. Qxe3 Re8 36. Rf1 0-1

[Event "*** Titled Tuesday Blitz"]
[Site "Chess.com"]
[Date "2020.11.24"]
[Round "5"]
[White "GelmanAlexander"]
[Black "Aleksey_Sorokin"]
[Result "0-1"]
[WhiteElo "2569"]
[BlackElo "2809"]
[TimeControl "180+1"]
[EndTime "11:11:42 PST"]
[Termination "Aleksey_Sorokin won by resignation"]

1. d4 Nf6 2. Nc3 g6 3. e4 d6 4. f4 Bg7 5. Nf3 O-O 6. e5 dxe5 7. fxe5 Nd5 8. h4 Bg4 9. h5 c5 10. hxg6 fxg6 11. Bc4 e6 12. Ng5 Bxd1 13. Nxe6 Nb6 14.
Bb3 Bxc2 15. Bxc2 Qe7 16. Nxc5 Nc6 17. Bb3+ Kh8 18. Be3 Nxd4 19. Bxd4 Bxe5 20. O-O-O Bxd4 21. Rxd4 Qxc5 22. Rdh4 h5 23. g4 Rf4 24. Kb1 Rd8 25.
Re1 Qf2 26. Rhh1 Nc4 27. Bxc4 Rxc4 28. gxh5 g5 29. Rhf1 Qb6 30. Ne4 Rb4 31. b3 Qb5 32.
Nxg5 Qxg5 0-1

[Event "*** Titled Tuesday Blitz"]
[Site "Chess.com"]
[Date "2020.11.24"]
[Round "5"]
[White "Brave_spirit12"]
[Black "ARTHURMOTIVATOR"]
[Result "1-0"]
[WhiteElo "2497"]
[BlackElo "2290"]
[TimeControl "180+1"]
[EndTime "11:11:42 PST"]
[Termination "Brave_spirit12 won by resignation"]

1. e4 c6 2. Nc3 d5 3. Nf3 dxe4 4. Nxe4 Nf6 5. Nxf6+ gxf6 6. Bc4 Bf5 7. O-O e6 8. Re1 Nd7 9. d4 Qc7 10. Nh4 Bg6 11.
Bxe6 fxe6 12. Rxe6+ Kf7 13. Qe2 Bd6 14. Bf4 Rae8 15.
Re1 Ne5 16. Rxe8 Rxe8 17. dxe5 Bxe5 18. Qc4+ Kg7 19. Nxg6 hxg6 20. Bg3 Re7 21. Bxe5 Rxe5 22. Qc3 Rxe1+ 23. Qxe1 Qd6 24. g3 Kf7 25. h4 Qd5 26. a3 Qc5 27. Qc3 Qd5 28. Qb3 Qxb3 29. cxb3 f5 30. f3 Kf6 31. Kf2 Ke5 32. Ke3 c5 33. g4 fxg4 34. fxg4 b6 35. h5 gxh5 36.
gxh5 Kf5 37. h6 Kg6 38. Ke4 Kxh6 39. Kd5 Kg5 40. Kc6 Kf4 41. Kb7 Ke4 42. Kxa7 Kd3 43. Kxb6 Kc2 44. Kxc5 Kxb2 45. b4 1-0

[Event "*** Titled Tuesday Blitz"]
[Site "Chess.com"]
[Date "2020.11.24"]
[Round "5"]
[White "SerGo055"]
[Black "Michaelson_11"]
[Result "1-0"]
[WhiteElo "2473"]
[BlackElo "2143"]
[TimeControl "180+1"]
[EndTime "11:11:42 PST"]
[Termination "SerGo055 won by resignation"]

1. d4 Nf6 2. Nf3 g6 3. c4 Bg7 4. Nc3 O-O 5. Bg5 d6 6. Qd2 Nc6 7. d5 Nb8 8. Bh6 Nbd7 9. h4 e5 10.
dxe6 fxe6 11. e4 Qe7 12. Be2 Nh5 13. Bxg7 Qxg7 14. Ng5 Nf4 15. g3 Nxe2 16. Nxe6 Qf6 17. Nxf8 Nd4 18. Nxd7 Bxd7 19. O-O-O c5 20. f4 Bc6 21.
Qd3 Re8 22. Rhe1 Qe6 23. e5 d5 24. cxd5 Bxd5 25. Nxd5 Qxd5 26. Kb1 b5 27. h5 Qc6 28.
hxg6 hxg6 29. Rc1 Rd8 30. e6 Kg7 31. e7 Re8 32. Qxd4+ 1-0

[Event "*** Titled Tuesday Blitz"]
[Site "Chess.com"]
[Date "2020.11.24"]
[Round "5"]
[White "Legendinunknown"]
[Black "Gerodot71"]
[Result "1-0"]
[WhiteElo "2677"]
[BlackElo "2468"]
[TimeControl "180+1"]
[EndTime "11:11:43 PST"]
[Termination "Legendinunknown won by resignation"]

1. d4 Nf6 2. c4 e6 3. Nc3 Bb4 4. f3 O-O 5. e4 d5 6. cxd5 exd5 7. e5 Nfd7 8. a3 Ba5 9. f4 c5 10. Nf3 Nc6 11. Be3 cxd4 12. Nxd4 Re8 13. Be2 Nxd4 14.
Bxd4 f6 15. exf6 Nxf6 16. O-O Be6 17. Bf3 Bb6 18. Kh1 Rc8 19. Bxf6 Qxf6 20. Nxd5 Bxd5 21. Qxd5+ Kh8 22. b4 Re7 23. g3 Rd8 24. Qc4 Rc7 25. Qe2 Re7 26. Qg2 Red7 27. Rae1 g6 28. Bxb7 Rd2 29. Re2 Qb2 30. Rfe1 Rxe2 31. Qxe2 Qxe2 32. Rxe2 Rd3 33. a4 Rb3 34. a5 Bd4 35. Re4 Rxb4 36.
Bd5 Rb2 37. Rxd4 1-0

[Event "*** Titled Tuesday Blitz"]
[Site "Chess.com"]
[Date "2020.11.24"]
[Round "5"]
[White "parintele_chess"]
[Black "freshfoodcompany"]
[Result "0-1"]
[WhiteElo "2199"]
[BlackElo "2364"]
[TimeControl "180+1"]
[EndTime "11:11:43 PST"]
[Termination "freshfoodcompany won by resignation"]

1. e4 c6 2. d4 d5 3. f3 dxe4 4. fxe4 e5 5. Nf3 Bg4 6. Bc4 Nd7 7. O-O Ngf6 8. h3 Bxf3 9. Qxf3 Qb6 10. Nc3 Qxd4+ 11.
Be3 Qxc4 12. Rad1 Bc5 13. Bxc5 Qxc5+ 14. Kh2 O-O 15. Qg3 Qe7 16. Rf5 h6 17. Rdf1 Kh7 18.
Qh4 Rae8 19. g4 Ng8 20. Qg3 f6 21. h4 g6 22. R5f2 Qg7 23. Qd3 Nc5 24. Qe3 Ne6 25.
Qxa7 Nf4 26. Ne2 Nxe2 27. Rxe2 Rd8 28. Qe3 Ne7 29. c4 Nc8 30. b4 Nd6 31. c5 Nb5 32.
a4 Nd4 33. Ref2 Ne6 34. Qb3 Nf4 35. Rxf4 exf4 36. b5 Qf7 37. Qxf7+ Rxf7 38. Rxf4 Rd2+ 39. Kg3 Ra2 40. e5 Kg7 41. e6 Re7 42. Rd4 Re2 43. Rd7 Rxe6 44. bxc6 bxc6 45. Rd6 Rxd6 46. cxd6 Rd7 0-1

[Event "*** Titled Tuesday Blitz"]
[Site "Chess.com"]
[Date "2020.11.24"]
[Round "5"]
[White "QuintilianoR"]
[Black "kot60"]
[Result "1-0"]
[WhiteElo "2674"]
[BlackElo "2467"]
[TimeControl "180+1"]
[EndTime "11:11:44 PST"]
[Termination "QuintilianoR won on time"]

1. d4 Nf6 2. c4 e5 3. dxe5 Ng4 4. Nf3 Bc5 5. e3 Nc6 6. Nc3 O-O 7. Be2 Re8 8. O-O Ncxe5 9. Nxe5 Nxe5 10. b3 a5 11. Bb2 Ra6 12. Ne4 Bf8 13. Qd5 Nc6 14. Ng5 Qe7 15. c5 Nb4 16. Qf5 Rg6 17. h4 h6 18.
Bc4 d5 19. cxd6 Bxf5 20. dxe7 hxg5 21. exf8=Q+ Rxf8 22.
hxg5 Rxg5 23. Rfd1 Rg6 24. f3 c6 25. Kf2 Re8 26. e4 Be6 27. Bf1 f5 28. a3 Na6 29.
exf5 Bxf5 30. Rd4 Be6 31. b4 1-0

[Event "*** Titled Tuesday Blitz"]
[Site "Chess.com"]
[Date "2020.11.24"]
[Round "5"]
[White "DoHoChess"]
[Black "Euwe1234"]
[Result "1-0"]
[WhiteElo "2687"]
[BlackElo "2483"]
[TimeControl "180+1"]
[EndTime "11:11:44 PST"]
[Termination "DoHoChess won on time"]

1. Nf3 d5 2. d4 Nf6 3. c4 e6 4. g3 c6 5. Bg2 dxc4 6. Ne5 b5 7. Nxc6 Qb6 8. Na5 Nd5 9. Bd2 Nc6 10. Nxc6 Qxc6 11. O-O Bb7 12. e4 Nf6 13. d5 Qd7 14. Bc3 Be7 15. d6 Bd8 16. b3 Nxe4 17. Bxg7 Bf6 18. Bxf6 Nxf6 19. bxc4 Bxg2 20. Kxg2 Qc6+ 21. Kg1 O-O-O 22. cxb5 Qxd6 23. Qa4 Kb8 24. Na3 Nd5 25.
Nc4 Qc5 26. Na5 Ne7 27. Rac1 Qd4 28. Qa3 Qd6 29. Qb2 Rc8 30. Rfd1 1-0

[Event "*** Titled Tuesday Blitz"]
[Site "Chess.com"]
[Date "2020.11.24"]
[Round "5"]
[White "Pikachess999"]
[Black "pelmerch"]
[Result "1-0"]
[WhiteElo "2379"]
[BlackElo "2507"]
[TimeControl "180+1"]
[EndTime "11:11:44 PST"]
[Termination "Pikachess999 won by resignation"]

1. e4 e5 2. Nf3 Nc6 3. d4 exd4 4.
Bc4 Nf6 5. O-O Nxe4 6. Re1 d5 7. Bxd5 Qxd5 8. Nc3 Qd7 9. Nxe4 Be7 10. Bg5 O-O 11.
Bxe7 Qxe7 12. Nxd4 Bd7 13. Nc3 Qb4 14. Nb3 Rad8 15. Nd5 Qd6 16. Qf3 Ne5 17. Qg3 Rfe8 18.
Rad1 Nc4 19. Qxd6 cxd6 20. Ne3 Nxb2 21. Rxd6 Be6 22. Rxd8 Rxd8 23. Kf1 b6 24. Ke2 Kf8 25. c3 a5 26. Nd4 Bxa2 27. Ra1 Bc4+ 28. Kd2 a4 29. Kc2 a3 30. Rxa3 b5 31. Kxb2 1-0